 Dungeon Crawl Stone Soup version 0.31.0-11-ge490571c62 (webtiles) character file.

Game seed: 16904108056619014780

8 browni3141 the Shooter (level 2, 22/22 HPs)
             Began as a Demonspawn Hunter on Jan 31, 2024.
             Got out of the dungeon alive.
             The game lasted 00:00:06 (157 turns).

browni3141 the Shooter (Demonspawn Hunter)           Turns: 157, Time: 00:00:07

Health: 22/22      AC:  3    Str: 11    XL:     2   Next: 0%
Magic:  2/2        EV: 12    Int: 11    God:
Gold:   0          SH:  0    Dex: 16    Spells: 1/1 levels left

rFire   . . .        a - +0 shortbow
rCold   . . .        (shield currently unavailable)
rNeg    . . .        c - +0 leather armour
rPois   .            (no helmet)
rElec   .            (no cloak)
rCorr   .            (no gloves)
SInv    .            (no boots)
Will    .....        (no amulet)
Stlth   ++           (no ring)
HPRegen 0.23/turn    (no ring)
MPRegen 0.08/turn

%: no passive effects
@: no status effects
A: big brain 1
a: no special abilities


You escaped.
You visited 1 branch of the dungeon, and saw 1 of its levels.

Inventory:

Hand Weapons
 a - a +0 shortbow (weapon)
Armour
 c - a +0 leather armour (worn)
Jewellery
 e - an amulet of guardian spirit
 h - a +6 ring of strength
Scrolls
 b - a scroll of butterflies
 f - a scroll of revelation {unknown}
 g - 2 scrolls of teleportation {unknown}
 i - a scroll of blinking {unknown}
Potions
 d - a potion of haste {unknown}


   Skills:
 + Level 2.2 Fighting
 + Level 3.7 Ranged Weapons
 + Level 2.0 Dodging
 + Level 1.2 Stealth


You had one spell level left.
You didn't know any spells.
Your spell library was empty.

Dungeon Overview and Level Annotations

Branches:
Dungeon (1/15)

Altars:

Shops:
D:1 :


Innate Abilities, Weirdness & Mutations

You have an unusually large brain. (Int +2)


Message History

Welcome, browni3141 the Demonspawn Hunter.
It's a long way down to the Orb of Zot, but that shouldn't be any trouble.
Press ? for a list of commands and other information.
Found a golden potion, 5 poisoned darts and a ring mail.
Found a staircase leading out of the dungeon.
Setting a skill training target for Axes at 18.0.
Setting a skill training target for Invocations at 14.0.
Setting a skill training target for Throwing at 11.0.
No target in view!
d - a golden potion No target in view!
A goblin comes into view. It is wielding a +0 dagger.
The goblin shouts!
The goblin moves out of view.
No target in view!
No target in view!
You shoot an arrow. The arrow hits the goblin!
You kill the goblin!
Found a stone staircase leading down.
No target in view!
Things that are here:
a +0 dagger; a goblin corpse
e - an amulet of guardian spirit No target in view!
f - a scroll labelled ZYGUOSIAFA No target in view!
g - a scroll labelled UCOWNUADER Key pressed, stopping explore.
No target in view!
No target in view!
A giant cockroach comes into view.
You shoot an arrow. The arrow hits the giant cockroach.
You kill the giant cockroach!
Your Stealth skill increases to level 1!
A rat comes into view.
Found Suezuxo's Book Boutique.
You see here a giant cockroach corpse.
You shoot an arrow. The arrow hits the rat.
You kill the rat!
A goblin comes into view. It is wielding a +0 club.
You shoot an arrow. The arrow hits the goblin!
You kill the goblin!
There is an entrance to Suezuxo's Book Boutique here.
No target in view!
A giant cockroach comes into view.
You shoot an arrow. The arrow hits the giant cockroach.
The giant cockroach is heavily wounded.
The giant cockroach misses you.
A giant cockroach is nearby!
You shoot an arrow.
The arrow hits the giant cockroach but does no damage.
The giant cockroach is heavily wounded.
The giant cockroach bites you but does no damage.
A giant cockroach is nearby!
A giant cockroach is nearby!
You shoot an arrow.
The arrow hits the giant cockroach but does no damage.
The giant cockroach is heavily wounded.
The giant cockroach bites you but does no damage. x2
You shoot an arrow. The arrow hits the giant cockroach.
You kill the giant cockroach!
h - a +6 ring of strength No target in view!
A kobold comes into view. It is wielding a +0 short sword.
The kobold shouts!
You shoot an arrow. The arrow hits the kobold.
You kill the kobold!
No target in view!
You see here a +0 short sword.
You see here 6 stones.
A ball python comes into view.
The ball python hisses angrily.
You shoot an arrow. The arrow hits the ball python.
You kill the ball python!
i - a scroll labelled QAINTOCVEBICW Key pressed, stopping explore.
No target in view!
No target in view!
A quokka comes into view.
You shoot an arrow. The arrow hits the quokka!
You kill the quokka!
Your Dodging skill increases to level 2!
You have reached level 2!
Your demonic ancestry asserts itself...
Your brain expands.
g - 2 scrolls labelled UCOWNUADER (gained 1)
There is a stone staircase leading down here.
Things that are here:
a +0 dagger; a goblin corpse
There is a staircase leading out of the dungeon here.
There are no items here.
Unknown command.
Unknown command.
Unknown command.
You have escaped!

#... #... # #
#..#.# #.#..#.
##+.#.[. ##
..##..# ###+###..#
....(..@.#
.........##
##........######.#
.................#
##...#....###.##.#
#......#.....#
##...#.#.######
..#.##.#.#
#.#.##.#.#


There were no monsters in sight!

Vanquished Creatures
  2 giant cockroaches (D:1)
  A quokka (D:1)
  A ball python (D:1)
  2 goblins (D:1)
  A kobold (D:1)
  A rat (D:1)
8 creatures vanquished.

Notes
Turn   | Place    | Note
-------+----------+-------------------------------------------
     0 | D:1      | browni3141 the Demonspawn Hunter began the quest for the
                  | Orb.
     0 | D:1      | Reached XP level 1. HP: 16/16 MP: 1/1
    42 | D:1      | Reached skill level 1 in Stealth
    48 | D:1      | Found Suezuxo's Book Boutique.
   130 | D:1      | Gained mutation: You have an unusually large brain. (Int
                  | +2) [demonic ancestry]
   130 | D:1      | Reached XP level 2. HP: 22/22 MP: 2/2
   157 | D:$      | Got out of the dungeon alive.

Illustrated notes

Levels and vault maps discovered:
D:1:      minmay_arrival_stone_box, layout_loops_ring, serial_shops,
          nicolae_book_shop_shelving, shop, nicolae_shop_rolled_up

Skill      XL: |  1 |
---------------+----+-----
Stealth        | 1 |  1.2
Dodging        | 2 |  2.0
Fighting       | |  2.2
Ranged Weapons | |  3.7

Action                     || total
---------------------------++-------
   Fire: Shortbow          ||    11
 Armour: Leather armour    ||     3
  Dodge: Dodged            ||     1
